 Dungeon Crawl Stone Soup version 0.21-a0-634-gaf8bc5d (webtiles) character file.

157 4thArraOfDagon the Ruffian (level 5, -3/44 HPs)
             Began as a Ghoul Summoner on Dec 29, 2017.
             Was an Initiate of Cheibriados.
             Killed from afar by an orc wizard (9 damage)
             ... with a puff of flame
             ... on level 4 of the Dungeon.
             The game lasted 00:05:06 (855 turns).

4thArraOfDagon the Ruffian (Ghoul Summoner)          Turns: 855, Time: 00:05:07

Health: -3/44      AC:  9    Str: 13    XL:     5   Next: 38%
Magic:  24/24      EV: 16    Int: 12    God:    Cheibriados [......]
Gold:   92         SH:  0    Dex: 15    Spells: 6/7 levels left

rFire    . . .     SeeInvis .     - Unarmed
rCold    + . .     Gourm    .   (no shield)
rNeg     + + +     Faith    .   e - quicksilver dragon scales (curse)
rPois    ∞         Spirit   .   (no helmet)
rElec    .         Reflect  .   (no cloak)
rCorr    .         Harm     .   (no gloves)
MR       +....                  (no boots)
Stlth    ++........             (no amulet)
HPRegen  0.00/turn              f - ring of magical power
MPRegen  0.19/turn              j - ring of magical power

@: agile, rotting, very slow
A: rotting body, claws 1, carnivore, cold resistance 1, negative energy
resistance 3, inhibited regeneration, torment resistance, unbreathing
a: Bend Time, Renounce Religion


You were on level 4 of the Dungeon.
You worshipped Cheibriados.
Cheibriados was noncommittal.
You were not hungry.

You visited 1 branch of the dungeon, and saw 4 of its levels.

You collected 92 gold pieces.

Inventory:

Armour
 a - a +0 robe
 e - cursed quicksilver dragon scales (worn)
Magical Staves
 m - an uncursed staff of wizardry {!a}
Jewellery
 f - a ring of magical power (left claw)
 j - a ring of magical power (right claw)
Wands
 d - a wand of flame (18)
Scrolls
 n - a scroll of identify
Potions
 i - a potion of berserk rage
Books
 b - a book of Callings

   Spells                             Type                      Level
   a - Summon Small Mammal            Summoning                    1
   b - Call Imp                       Summoning                    2
   c - Call Canine Familiar           Summoning                    3
   d - Summon Guardian Golem          Hexes/Summoning              3
   e - Summon Lightning Spire         Summoning/Air                4
   f - Summon Ice Beast               Ice/Summoning                4
Comestibles
 c - 6 rations


   Skills:
 + Level 2.9 Fighting
 - Level 1.7 Dodging
 - Level 2.1 Stealth
 * Level 4.3 Unarmed Combat
 - Level 1.7 Spellcasting
 - Level 3.6 Summonings


You had 6 spell levels left.
You knew the following spells:

 Your Spells              Type           Power        Failure   Level  Hunger
a - Summon Small Mammal   Summ           #...         14%         1    ##.....


Dungeon Overview and Level Annotations

Branches:
Dungeon (4/15)
 Temple: D:4-7

Altars:
Cheibriados
Qazlal

Annotations:
D:4 Edmund


Innate Abilities, Weirdness & Mutations

Your body is rotting away.
You thrive on raw meat.
You are immune to poison.
You have sharp fingernails.
You are carnivorous and can eat meat at any time.
Your flesh is cold resistant. (rC+)
You are immune to negative energy. (rN+++)
You do not regenerate when monsters are visible.
You are immune to unholy pain and torment.
You can survive without breathing.


Message History

Something hits you but does no damage.
You miss something. The orc misses you. Something hits you but does no damage.
You barely miss something. You closely miss something.
The orc wizard is no longer moving quickly.
Something hits you but does no damage.
Unknown command.
You closely miss something. Something hits you but does no damage.
The orc wizard barely misses you.
Unknown command.
You miss something. Something hits you but does no damage.
The orc wizard points at you and mumbles some strange words.
The magic dart hits you!
* * * LOW HITPOINT WARNING * * *
Unknown command.
You scratch something but do no damage.
You hear some strange, mumbled words.
A puff of flame appears from out of thin air!
The puff of flame hits you!
You die...

≈..§§...#.## #....#
........#.# #....# ###
#####.#...# #....# .$..
........#.#####....# .....
...................##....§o
#####.##.######.....'o..8o.
......)(..<........'....8.
#######....###....##......
#..##o{@oo#### ......
#.#######..## ..... #.
##..# ##### ..
.o..........# ##.
##########....# .. #....
####


You could see an orc wizard and 2 orcs.

Vanquished Creatures
  Blork the orc (D:4)
  A scorpion (D:1)
  2 oozes (D:1)
  A dart slug (D:1)
  4 goblins (D:1)
  3 hobgoblins (D:1)
  3 jackals (D:3)
  2 bats (D:1)
  3 frilled lizards
  8 kobolds
  5 rats
33 creatures vanquished.

Notes
Turn   | Place    | Note
-------+----------+-------------------------------------------
     0 | D:1      | 4thArraOfDagon the Ghoul Summoner began the quest for the Orb.
     0 | D:1      | Reached XP level 1. HP: 14/14 MP: 2/2
   107 | D:1      | Reached skill level 1 in Unarmed Combat
   143 | D:1      | Reached XP level 2. HP: 21/22 MP: 3/3
   165 | D:1      | Reached skill level 1 in Fighting
   266 | D:1      | Reached skill level 2 in Unarmed Combat
   299 | D:1      | Reached XP level 3. HP: 20/28 MP: 4/4
   407 | D:2      | Noticed a scorpion
   440 | D:1      | Killed a scorpion
   440 | D:1      | Reached skill level 3 in Unarmed Combat
   440 | D:1      | Reached XP level 4. HP: 22/36 MP: 5/5
   538 | D:3      | Found a snail-covered altar of Cheibriados.
   554 | D:3      | Became a worshipper of Cheibriados the Contemplative
   735 | D:4      | Found a stormy altar of Qazlal.
   757 | D:4      | Noticed Edmund
   798 | D:4      | Noticed Blork the orc
   820 | D:4      | Killed Blork the orc
   820 | D:4      | Reached skill level 4 in Unarmed Combat
   820 | D:4      | Reached XP level 5. HP: 21/44 MP: 6/6
   855 | D:4      | Killed from afar by an orc wizard

Vault maps used:
D:1:      mrwooster_arrival_statue_2, st_stairs_12, minivault_24
D:2:      marbit_many_paths
D:3:      lemuel_doored_altar, first_ration, nrook_mini_vaults,
          minmay_misc_feat_cross, kennysheep_generic_room_7
D:4:      kennysheep_goblin_castle, nicolae_qazlal_general_emergency,
          minmay_temple_entry_hall, serial_shops, shop, shop, shop,
          kennysheep_generic_room_4, uniq_edmund, uniq_blork_the_orc

Skill      XL: |  1  2  3  4 |
---------------+-------------+-----
Unarmed Combat | 1 2 3 4 |  4.3
Fighting       | 1 2 |  2.9
Dodging        | |  1.7
Stealth        | |  2.1
Spellcasting   | |  1.7
Summonings     | |  3.6

Action                   |  1- 3 |  4- 6 || total
-------------------------+-------+-------++-------
Melee: Unarmed           |   102 |    61 ||   163
Throw: Throwing net      |       |     4 ||     4
 Cast: Summon Small Mamm |     2 |       ||     2
  Use: Potion            |       |     3 ||     3
       Scroll            |       |     1 ||     1
 Stab: Held in net/web   |       |     3 ||     3
       Sleeping          |       |     1 ||     1
  Eat: Chunk             |     3 |     8 ||    11
Armor: Quicksilver drago |    34 |    44 ||    78
       Robe              |     1 |       ||     1
Dodge: Dodged            |    38 |    35 ||    73

Table legend:
 A = Spawn XP
 B = Non-spawn XP
 C = Spawn XP percentage of total XP
 D = Spawn monster count
 E = Non-spawn monster count
 F = Spawn count percentage of total count
 G = Total turns spent on level
                    A         B        C        D         E        F      G
               +---------+---------+-------+---------+---------+-------+---------
         Total |       0 |     225 |   0.0 |       0 |      33 |   0.0 |   855
               +---------+---------+-------+---------+---------+-------+---------
           D:1 |       0 |     111 |   0.0 |       0 |      21 |   0.0 |   408
           D:2 |       0 |       2 |   0.0 |       0 |       1 |   0.0 |    75
           D:3 |       0 |      16 |   0.0 |       0 |      10 |   0.0 |   245
           D:4 |       0 |      96 |   0.0 |       0 |       1 |   0.0 |   127
               +---------+---------+-------+---------+---------+-------+---------
